 Dungeon Crawl Stone Soup version 0.17-a0-1718-g72dbe4d (webtiles) character file.

125 KambridgeKobold the Skirmisher (level 4, -1/37 HPs)
             Began as a Demonspawn Berserker on Aug 25, 2015.
             Was a Believer of Trog.
             Succumbed to Terence's poison
             ... on level 3 of the Dungeon.
             The game lasted 00:22:16 (2743 turns).

KambridgeKobold the Skirmisher (DsBe)               Turns: 2743, Time: 00:22:16

Health: -1/37      AC: 10    Str: 17    XL:     4   Next: 82%
Magic:  4/4        EV: 12    Int: 14    God:    Trog [**....]
Gold:   117        SH:  2    Dex: 13    Spells: 0 memorised, 3 levels left

rFire  . . .     SeeInvis .     a - +0 mace
rCold  . . .     Clarity  .     l - +0 leather armour
rNeg   . . .     SustAt   .     (no shield)
rPois  .         Gourm    .     (no helmet)
rElec  .         Spirit   .     j - +0 cloak
rCorr  .         Warding  .     o - +2 pair of gloves
rMut   .         Stasis   .     t - +0 pair of boots
MR     .....                    m - amulet of inaccuracy (curse)
Stlth  +.........               (no ring)
                                (no ring)

@: brilliant, lethally poisoned (-1 -> -47), not resistant to hostile
enchantments, very unstealthy
A: talons 1, large bone plates 1
a: Burn Spellbooks, Berserk, Trog's Hand, Renounce Religion


You were on level 3 of the Dungeon.
You worshipped Trog.
Trog was pleased with you.
You were not hungry.

You visited 1 branch of the dungeon, and saw 3 of its levels.

You collected 117 gold pieces.

Inventory:

Hand weapons
 a - a +0 mace (weapon)
 k - a +0 war axe
 n - a +2 hand axe of freezing
Missiles
 x - 14 stones (quivered)
Armour
 f - a +0 chain mail
 j - a +0 cloak (worn)
 l - a +0 leather armour (worn)
 o - a +2 pair of gloves (worn)
 t - a +0 pair of boots (worn)
Jewellery
 m - a cursed amulet of inaccuracy (around neck)
 v - an uncursed ring of protection from cold {unknown}
Scrolls
 b - 2 scrolls of fear {unknown}
 d - a scroll of immolation {unknown}
 e - a scroll of magic mapping {unknown}
 g - 2 scrolls of remove curse {unknown}
 h - a scroll of enchant weapon {unknown}
 s - a scroll of teleportation {unknown}
 w - a scroll of fog {unknown}
 y - 2 scrolls of identify {unknown}
Potions
 q - a potion of might
 r - a potion of brilliance
Comestibles
 c - a bread ration
 i - 7 chunks of flesh
 p - 2 meat rations
 u - a beef jerky


   Skills:
 - Level 4.0 Fighting
 + Level 3.8 Maces & Flails
 + Level 2.6 Armour
 - Level 2.0 Dodging


You had 3 spell levels left.
You didn't know any spells.

Dungeon Overview and Level Annotations

Branches:
Dungeon (3/15)

Altars:


Innate Abilities, Weirdness & Mutations

You have sharp toenails.
You are partially covered in large bone plates (AC +2, SH +2).


Message History

You hit Terence.
Terence is almost dead.
You feel sick. Terence hits you with a flail of venom!
You are more poisoned.
You hit Terence but do no damage.
Terence is almost dead.
* * * LOW HITPOINT WARNING * * *
You feel very sick. Terence hits you with a flail of venom.
* * * LOW HITPOINT WARNING * * *
You are more poisoned.
You hit Terence.
You kill Terence!
Trog accepts your kill.
* * * LOW HITPOINT WARNING * * *
You feel very sick.
Drink which item? (? for menu, Esc to quit)
It was a potion of brilliance.
You feel clever all of a sudden.
You die...

# #.# #.# # #.# #.#
.# # #.# #.## .# #
#.# #..## .# #
###.#####...# .#
###.........#.# .#
.##.#.#####.#.###.#
.##.#.##....#.....#
.##.#....#######@.#
....####....#.().##
.#### ##.[.#.####
.# #.#.# .# #.#...
## #.##.## ######
#รท# .# .....# #.#
.# #.##.# #.# #


There were no monsters in sight!

Vanquished Creatures
  Terence (D:3)
  4 adders
  An ooze (D:3)
  3 worms (D:2)
  A giant gecko (D:2)
  An orc (D:3)
  A ball python (D:2)
  A giant cockroach (D:1)
  7 hobgoblins
  7 kobolds
  A quokka (D:2)
  5 bats
  4 giant newts
  7 goblins
  2 jackals (D:2)
  3 rats
49 creatures vanquished.

Notes
Turn   | Place    | Note
--------------------------------------------------------------
     0 | D:1      | KambridgeKobold the Demonspawn Berserker began the quest for the Orb.
     0 | D:1      | Reached XP level 1. HP: 18/18 MP: 1/1
   218 | D:1      | Gained mutation: You are partially covered in large bone plates (AC +2, SH +2). [demonic ancestry]
   218 | D:1      | Reached XP level 2. HP: 24/24 MP: 2/2
  1133 | D:2      | Reached XP level 3. HP: 21/29 MP: 3/3
  1370 | D:2      | Acquired Trog's second power
  1900 | D:2      | Reached skill level 4 in Fighting
  1911 | D:2      | Gained mutation: You have sharp toenails. [demonic ancestry]
  1911 | D:2      | Reached XP level 4. HP: 20/37 MP: 4/4
  2734 | D:3      | Noticed Terence
  2742 | D:3      | Killed Terence
  2743 | D:3      | Succumbed to Terence's poison

Vault maps used:
D:1:      lightli_arrival_statuegarden, serial_bayou_crossing
D:3:      nicolae_overflow_quartered_altars, uniq_terence

Action                   |  1- 3 |  4- 6 || total
-------------------------+-------+-------++-------
Melee: Mace              |   168 |    92 ||   260
Throw: Stone             |       |     1 ||     1
  Use: Potion            |     2 |     1 ||     3
 Stab: Sleeping          |     1 |       ||     1
  Eat: Chunk             |     3 |     3 ||     6
